 Dungeon Crawl Stone Soup version 0.28.0-1-gb440e238dd (webtiles) character file.

Game seed: 13799017228215010330

7 fragbeetle the Ruffian (level 1, -1/16 HPs)
             Began as a Draconian Transmuter on Feb 24, 2022.
             Slain by a jackal (3 damage)
             ... on level 1 of the Dungeon.
             The game lasted 00:00:50 (470 turns).

fragbeetle the Ruffian (Draconian Transmuter)        Turns: 470, Time: 00:00:51

Health: -1/16      AC:  4    Str: 12    XL:     1   Next: 91%
Magic:  2/3        EV: 12    Int: 13    God:
Gold:   0          SH:  0    Dex: 11    Spells: 3/4 levels left

rFire   . . .      SeeInvis .     - Unarmed
rCold   + . .      Faith    .   (no shield)
rNeg    . . .      Spirit   .   (armour unavailable)
rPois   .          Reflect  .   (helmet currently unavailable)
rElec   .          Harm     .   (no cloak)
rCorr   .          Rampage  .   (no gloves)
Will    .....                   (boots currently unavailable)
Stlth   +.........              (no amulet)
HPRegen 0.05/turn               a - ring of protection from cold
MPRegen 0.08/turn               (no ring)

@: appendages
A: horns 2, talons 2, AC +4, unfitting armour, cold-blooded
a: End Transformation


You were on level 1 of the Dungeon.
You had temporarily grown beastly horns and talons.
You visited 1 branch of the dungeon, and saw 1 of its levels.

Inventory:

Jewellery
 a - a ring of protection from cold (left hand)
Scrolls
 b - a scroll of enchant armour {unknown}
 d - a scroll of identify {unknown}
Potions
 c - a potion of brilliance {unknown}


   Skills:
 - Level 1.1 Fighting
 - Level 1.7 Dodging
 + Level 3.2 Unarmed Combat
 - Level 2.0 Spellcasting
 + Level 2.3 Transmutations


You had 3 spell levels left.
You knew the following spells:

 Your Spells              Type           Power      Damage    Failure   Level
a - Beastly Appendage     Tmut           14%        N/A       10%         1

Your spell library contained the following spells:

 Spells                   Type           Power      Damage    Failure   Level
 Wereblood                Tmut           7%         N/A       14%         2
 Spider Form              Tmut/Pois      4%         N/A       43%         3
 Ice Form                 Ice/Tmut       4%         N/A       83%         4


Dungeon Overview and Level Annotations

Branches:
Dungeon (1/15)

Altars:

Shops:
D:1 *


Innate Abilities, Weirdness & Mutations

You have temporarily grown beastly horns and talons.
Your plain brown scales are hard. (AC +4)
You cannot fit into any form of body armour.
You are cold-blooded and may be slowed by cold attacks.


Message History

Your tail-slap misses the jackal.
The jackal is severely wounded.
The jackal closely misses you.
A jackal comes into view.
The jackal bites you.
You hit the jackal.
You kill the jackal!
You barely miss the jackal. The jackal barely misses you.
You closely miss the frilled lizard.
The jackal bites you but does no damage.
The jackal misses you. The frilled lizard bites you. The jackal misses you.
The jackal closely misses you.
You are too injured to fight recklessly!
You are too injured to fight recklessly!
You are too injured to fight recklessly!
Unknown command.
Your horns disappear.
Your talons disappear.
The jackal misses you. The jackal bites you.
The jackal bites you but does no damage.
The jackal bites you.
* * * LOW HITPOINT WARNING * * *
The jackal bites you but does no damage.
The jackal barely misses you.
Found 15 arrows.
The jackal barely misses you. x2
The jackal bites you but does no damage.
Found a stone staircase leading down.
The jackal closely misses you. The jackal bites you.
* * * LOW HITPOINT WARNING * * *
The jackal bites you but does no damage.
The jackal misses you.
The frilled lizard unfolds its giant frill.
The jackal misses you.
You are too injured to fight recklessly!
Casting: Beastly Appendage (safe; 10% risk of failure)
Confirm with . or Enter, or press ? or * to list all spells.
You grow a pair of large bovine horns.
Your feet morph into talons.
The jackal bites you.
You die...

..................... ....
.................... ####
.#.............).... ####
...............# ....
.........###...# ## ....
.........# #...##.# # #. #.###
.#..###..###...##.#># ..#..#.#
.#.........#..h##.#.###..#..#.#
..............hh@.............###
...............##.#.#...##..#...#
...............##.#.....##..#...#
.#................#....# #..#...#
...............##.#....# #.......
.......................###..#.###
................................
...............#.#....###..#.###
...................[......)#.###


You could see 3 jackals.

Vanquished Creatures
  A bat (D:1)
  A goblin (D:1)
  2 hobgoblins (D:1)
  A jackal (D:1)
  A kobold (D:1)
6 creatures vanquished.

Vanquished Creatures (others)
  A fungus (D:1)
1 creature vanquished.

Grand Total: 7 creatures vanquished

Notes
Turn   | Place    | Note
-------+----------+-------------------------------------------
     0 | D:1      | fragbeetle the Draconian Transmuter began the quest for the
                  | Orb.
     0 | D:1      | Reached XP level 1. HP: 16/16 MP: 3/3
   389 | D:1      | Found Xocu's Assorted Antiques.
   470 | D:1      | Slain by a jackal

Illustrated notes

Levels and vault maps discovered:
D:1:      lemuel_arrival_muddy, layout_basic, serial_shops, shop,
          minmay_tetromino_o2

Action                   || total
-------------------------++-------
Melee: Unarmed           ||    16
       Kick              ||     3
       Headbutt          ||     1
 Cast: Beastly Appendage ||     4
Armor: Skin              ||     6
Dodge: Dodged            ||    16
